 Dungeon Crawl Stone Soup version 0.30.0-5-g1a98f26d00 (webtiles) character file.

Game seed: 7320966467968378567

24315 Fymir27 the Fighter (level 12, -2/108 HPs)
             Began as a Black Draconian Conjurer on May 10, 2023.
             Was an Elder of Vehumet.
             Slain by a black mamba (3 damage)
             ... on level 10 of the Dungeon.
             The game lasted 02:13:11 (19477 turns).

Fymir27 the Fighter (Black Draconian Conjurer)     Turns: 19477, Time: 02:13:12

Health: -2/108     AC: 14    Str: 11    XL:     12   Next: 79%
Magic:  25/25      EV: 20    Int: 22    God:    Vehumet [****..]
Gold:   795        SH:  5    Dex: 14    Spells: 6/29 levels left

rFire   . . .        O - +3 scimitar (freeze)
rCold   . . .        U - +0 buckler
rNeg    + . .        (body armour unavailable)
rPois   .            (helmet restricted)
rElec   +            B - scarf {repulsion}
rCorr   .            (no gloves)
SInv    .            M - +1 pair of boots of Inviolability {rN+ Dex+4}
Will    .....        W - amulet of the acrobat
Stlth   ++           q - +5 ring of evasion
HPRegen 0.38/turn    A - +4 ring of protection
MPRegen 0.19/turn

%: repel missiles, acrobat
@: lethally poisoned (-2 -> -16)
A: breathe lightning, AC +8, unfitting armour, electricity resistance,
cold-blooded
a: Breathe Lightning, Renounce Religion


You were on level 10 of the Dungeon.
You worshipped Vehumet.
Vehumet was greatly pleased with you.
You visited 3 branches of the dungeon, and saw 14 of its levels.

You collected 939 gold pieces.
You spent 144 gold pieces at shops.

Inventory:

Hand Weapons
 c - a +0 quick blade
 d - a +4 dire flail
 m - a +3 long sword
 t - a +0 scimitar of protection
 v - a +2 hand axe of venom
 H - a +2 dagger of protection
 O - a +3 scimitar of freezing (weapon)
 V - the +7 whip of Ashenzari {antimagic, rPois Int+2}
   (You found it on level 10 of the Dungeon)

   Int:       It affects your intelligence (+2).
   rPois:     It protects you from poison.
Missiles
 n - 13 poisoned darts (quivered)
 L - 3 boomerangs of dispersal
 N - 2 silver javelins
 R - a throwing net
 S - 3 atropa-tipped darts
Armour
 b - an orb of energy
 B - a scarf of repulsion (worn)
 M - the +1 pair of boots of Inviolability (worn) {rN+ Dex+4}
   (You found it on level 8 of the Dungeon)

   Dex:       It affects your dexterity (+4).
   rN:        It protects you from negative energy.
 U - a +0 buckler (worn)
 Y - a +1 hat
Magical Staves
 P - a staff of death
Jewellery
 q - a +5 ring of evasion (left hand)
 u - a ring of protection from cold
 A - a +4 ring of protection (right hand)
 D - a ring of positive energy
 W - an amulet of the acrobat (around neck)
Wands
 a - a wand of iceblast (11)
 T - a wand of flame (15)
 Z - a wand of charming (4)
Scrolls
 e - 4 scrolls of poison
 f - a scroll of butterflies {unknown}
 i - 3 scrolls of teleportation
 k - 3 scrolls of immolation {unknown}
 l - 3 scrolls of enchant weapon
 s - 2 scrolls of brand weapon
 w - 2 scrolls of silence {unknown}
 y - 3 scrolls of enchant armour
 E - 9 scrolls of amnesia
 F - a scroll of fear {unknown}
 K - 2 scrolls of torment {unknown}
 Q - a scroll of acquirement {unknown}
Potions
 g - 4 potions of berserk rage
 h - 2 potions of curing
 j - 4 potions of resistance
 o - 2 potions of heal wounds
 p - a potion of brilliance
 r - 3 potions of cancellation
 x - a potion of haste
 z - 3 potions of attraction
 J - a potion of ambrosia {unknown}
 X - a potion of lignification {unknown}


   Skills:
 + Level 10.8 Fighting
 - Level 4.1 Long Blades
 + Level 5.7 Maces & Flails
 - Level 8.4 Dodging
 - Level 3.0 Stealth
 + Level 6.0 Shields
 + Level 9.1 Spellcasting
 - Level 8.0 Conjurations
 - Level 10.0 Air Magic


You had 6 spell levels left.
You knew the following spells:

 Your Spells              Type           Power      Damage    Failure   Level
a - Fulminant Prism       Conj/Hex       13%        3d8       4%          4
b - Searing Ray           Conj           90%        2d7       1%          2
c - Airstrike             Air            26%        2d(4-20)  1%          4
d - Static Discharge      Conj/Air       98%        2-7/arc   1%          2
e - Swiftness             Air            52%        N/A       1%          3
f - Inner Flame           Hex/Fire       10%        N/A       7%          3
g - Magic Dart            Conj           100%       1d8       1%          1
h - Iskenderun's Mystic   Conj/Tloc      27%        2d7       4%          4

Your spell library contained the following spells:

 Spells                   Type           Power      Damage    Failure   Level
 Ignite Poison            Fire/Tmut/Pois 10%        N/A       7%          3
 Shock                    Conj/Air       100%       1d9       1%          1
 Dazzling Flash           Conj/Hex       54%        N/A       1%          3
 Scorch                   Fire           20%        2d6       4%          2
 Flame Wave               Conj/Fire      27%        2d9       4%          4
 Apportation              Tloc           20%        N/A       9%          1
 Necrotise                Necr           40%        1d6       9%          1
 Summon Small Mammal      Summ           40%        N/A       9%          1
 Lesser Beckoning         Tloc           20%        N/A       14%         2
 Gell's Gravitas          Tloc           10%        N/A       26%         3
 Teleport Other           Tloc           10%        N/A       26%         3
 Alistair's Intoxication  Tmut/Pois      6%         N/A       94%         5
 Dispersal                Tloc           5%         N/A       100%        6
 Summon Cactus Giant      Summ           5%         N/A       100%        6


Dungeon Overview and Level Annotations

Branches:
Dungeon (12/15)            Temple (1/1) D:5            Lair (1/5) D:11
    Orc (0/2) D:11

Altars:
Ashenzari
Cheibriados
Dithmenos
Elyvilon
Fedhas
Gozag
Hepliaklqana
Kikubaaqudgha
Makhleb
Nemelex Xobeh
Okawaru
Qazlal
Ru
Sif Muna
Trog
Uskayaw
Vehumet
Wu Jian
Xom
Yredelemnul
Zin
The Shining One

Shops:
D:2 (   D:3 *   D:5 *

Annotations:
D:4 exclusion: door
D:12 Erolcha


Innate Abilities, Weirdness & Mutations

You can breathe wild blasts of lightning.
Your glossy black scales are hard. (AC +8)
You cannot fit into any form of body armour.
You are resistant to electric shocks. (rElec)
You are cold-blooded and may be slowed by cold attacks.


Message History

You feel very sick. The black mamba bites you!
* * * LOW HITPOINT WARNING * * *
You are more poisoned.
The black mamba poisons you!
You feel better. The black mamba barely misses you. x2
The wolf attacks as you move away! The wolf bites you.
* * * LOW HITPOINT WARNING * * *
The wolf completely misses you. The wolf bites you but does no damage.
The black mamba closely misses you. The wolf attacks as you move away!
The wolf completely misses you. The black mamba completely misses you.
The wolf closely misses you. The wolf attacks as you move away!
The wolf completely misses you. You block the black mamba's attack.
The black mamba attacks as you move away!
The black mamba completely misses you. You block the black mamba's attack.
Things that are here:
a +0 dagger; a +0 club The black mamba bites you!
* * * LOW HITPOINT WARNING * * *
The black mamba attacks as you move away!
The black mamba closely misses you.
The black mamba bites you but does no damage.
There is a stone staircase leading up, spattered with blood here.
The black mamba bites you.
* * * LOW HITPOINT WARNING * * *
You are poisoned.
The black mamba poisons you! The black mamba bites you!
* * * LOW HITPOINT WARNING * * *
You are more poisoned.
The black mamba poisons you!
You climb upwards.
* * * LOW HITPOINT WARNING * * *
You feel extremely sick.
There is a stone staircase leading down here.
You feel better. The black mamba bites you!
* * * LOW HITPOINT WARNING * * *
You are lethally poisoned!
The black mamba poisons you! The black mamba bites you.
You die...

#########.......## #.......#
#.....# #.##.##..###..#...##
#.....# #.##.###.#......###
#.....# #.##..##.#.....##
#.....###.###.#..<)...##
#..<..##..# #.#..[[..########
#......#.####...............##
#......#.###.................#
#......#.#..S@##..............
##...)........###..............
##.........).###
#.>...[........ ##..##....<...#
#.....[[....... ........#.....#
##..........)...
..[...###.....#
#..............# ......#
#.....# #.#.............
......#
##########.....##########
......# #........#####


You could see a black mamba.

Vanquished Creatures
  Snorg (D:10)
  Harold (D:9)
  A death knight (D:11)
  6 two-headed ogres
  A boulder beetle (D:10)
  Urug (D:12)
  Nergalle (D:12)
  2 skeletal warriors (D:11)
  A deep elf zephyrmancer (D:11)
  3 cyclopes
  2 ugly things
  2 manticores
  Joseph (D:7)
  A gargoyle (D:11)
  A komodo dragon (D:12)
  Grinder (D:3)
  5 trolls
  2 slime creatures (D:12)
  3 shadows
  A vampire (D:12)
  3 wraiths
  2 wyverns
  4 humans (D:10)
  18 yaks
  9 vampire mosquitoes
  An acid dragon (D:12)
  6 ice beasts
  An orc warrior (D:11)
  A black bear (D:6)
  3 ogres
  2 wolves
  4 centaurs
  2 phantoms
  A bullfrog (D:5)
  2 gnoll sergeants
  4 scorpions
  24 wights
  5 killer bees (D:9)
  3 howler monkeys
  3 electric eels
  2 jellies
  9 hounds
  7 orc priests
  2 gnoll boudas
  A sleepcap (D:6)
  Ijyb (D:4)
  2 iguanas
  5 orc wizards
  18 gnolls
  10 adders
  4 river rats (D:5)
  12 white imps (D:11)
  6 worms
  A dart slug (D:1)
  35 orcs
  6 ball pythons
  6 endoplasms
  2 giant cockroaches (D:1)
  3 goblins
  10 hobgoblins
  10 jackals
  A quokka (D:3)
  4 bats
  2 frilled lizards
  7 kobolds
  4 rats
305 creatures vanquished.

Vanquished Creatures (others)
  An orc wizard (D:4)
  63 fulminant prisms
64 creatures vanquished.

Grand Total: 369 creatures vanquished

Notes
Turn   | Place    | Note
-------+----------+-------------------------------------------
     0 | D:1      | Fymir27 the Draconian Conjurer began the quest for the Orb.
     0 | D:1      | Reached XP level 1. HP: 14/14 MP: 3/3
   311 | D:1      | Reached XP level 2. HP: 22/22 MP: 0/5
   397 | D:1      | Learned a level 2 spell: Searing Ray
   973 | D:1      | Reached skill level 1 in Fighting
  1104 | D:1      | Reached XP level 3. HP: 28/28 MP: 4/6
  2035 | D:2      | Found Axtiukiu's Weapon Emporium.
  2101 | D:2      | Found a faded altar of an unknown god.
  2254 | D:3      | Found Xefroar's Assorted Antiques.
  2391 | D:3      | Reached XP level 4. HP: 35/35 MP: 2/7
  2478 | D:3      | Noticed Grinder
  2742 | D:3      | Found an iron altar of Okawaru.
  4032 | D:4      | Reached skill level 5 in Conjurations
  4032 | D:4      | Reached XP level 5. HP: 41/41 MP: 3/9
  4173 | D:4      | Noticed Ijyb
  4194 | D:4      | Killed Ijyb
  4946 | D:4      | Reached XP level 6. HP: 50/50 MP: 4/10
  5208 | D:5      | Entered Level 5 of the Dungeon
  5297 | D:5      | Noticed an ice beast
  5409 | D:5      | Noticed an ice beast
  5648 | D:5      | Found Gual's Neck Hole.
  5670 | D:5      | Your scales start taking on a glossy black colour.
  5670 | D:5      | Reached XP level 7. HP: 49/57 MP: 1/12
  5670 | D:5      | Gained mutation: You are resistant to electric shocks.
                  | (rElec) [Black Draconian growth]
  5678 | D:5      | Learned a level 4 spell: Airstrike
  5773 | D:5      | Reached skill level 1 in Air Magic
  5783 | D:5      | Bought a scarf of repulsion for 144 gold pieces
  5906 | D:5      | Found an ancient bone altar of Kikubaaqudgha.
  6266 | D:5      | Reached XP level 8. HP: 47/66 MP: 2/14
  6788 | D:5      | Found a staircase to the Ecumenical Temple.
  6794 | Temple   | Entered the Ecumenical Temple
  6800 | Temple   | Became a worshipper of Vehumet
  7176 | D:3      | Paralysed by Grinder for 2 turns
  7182 | D:3      | Killed Grinder
  7183 | D:3      | Reached skill level 5 in Fighting
  7183 | D:3      | Reached skill level 5 in Air Magic
  7748 | D:6      | Reached skill level 5 in Dodging
  7899 | D:5      | Reached XP level 9. HP: 56/75 MP: 1/15
  8248 | D:6      | Learned a level 3 spell: Swiftness
  8612 | D:6      | Found a shadowy altar of Dithmenos.
  8617 | D:6      | Found a blossoming altar of Fedhas.
  8620 | D:6      | Found a glowing silver altar of Zin.
  9088 | D:7      | Noticed Joseph
  9508 | D:7      | Reached * piety under Vehumet
  9508 | D:7      | Offered knowledge of Freeze by Vehumet.
 10711 | D:7      | Killed Joseph
 11251 | D:8      | Reached XP level 10. HP: 86/86 MP: 4/17
 11286 | D:8      | Reached skill level 5 in Spellcasting
 11602 | D:8      | Identified the +1 pair of boots of Inviolability {rN+
                  | Dex+4}
 12106 | D:9      | Reached skill level 10 in Air Magic
 12155 | D:9      | Reached skill level 1 in Long Blades
 12188 | D:9      | Noticed a two-headed ogre
 12196 | D:9      | Killed a two-headed ogre
 12399 | D:9      | Noticed a two-headed ogre
 12504 | D:9      | Killed a two-headed ogre
 12614 | D:9      | Found an ornate altar of the Wu Jian Council.
 12636 | D:9      | Noticed Harold
 12823 | D:9      | Killed Harold
 12949 | D:8      | Reached ** piety under Vehumet
 13035 | D:8      | Offered knowledge of Static Discharge by Vehumet.
 13040 | D:8      | Reached XP level 11. HP: 82/95 MP: 13/21
 13045 | D:8      | Learned a level 2 spell: Static Discharge
 13473 | D:10     | Entered Level 10 of the Dungeon
 13579 | D:10     | Reached skill level 1 in Shields
 13673 | D:10     | Noticed a two-headed ogre
 13693 | D:10     | Killed a two-headed ogre
 13707 | D:10     | Noticed Snorg
 13916 | D:10     | Noticed a two-headed ogre
 13920 | D:10     | Killed a two-headed ogre
 14130 | D:10     | Killed Snorg
 14131 | D:10     | Identified the +7 whip of Ashenzari {antimagic, rPois
                  | Int+2}
 14194 | D:10     | Offered knowledge of Inner Flame by Vehumet.
 14200 | D:10     | Learned a level 3 spell: Inner Flame
 14245 | D:10     | Reached skill level 1 in Maces & Flails
 14354 | D:11     | Noticed a brown ugly thing
 14371 | D:11     | Killed a brown ugly thing
 14388 | D:11     | Noticed a death knight
 14388 | D:11     | Noticed a death knight
 14390 | D:11     | Noticed a skeletal warrior
 14391 | D:11     | Noticed a death knight
 14405 | D:11     | HP: 4/97 [??? (1)]
 14625 | D:11     | Noticed a boulder beetle
 14890 | D:11     | Noticed a skeletal warrior
 14890 | D:11     | Noticed a death knight
 14973 | D:11     | Reached *** piety under Vehumet
 15113 | D:11     | Learned a level 4 spell: Fulminant Prism
 15115 | D:11     | Noticed a death knight
 15352 | D:11     | Killed a skeletal warrior
 15505 | D:10     | Killed a boulder beetle
 15880 | D:11     | Found a staircase to the Lair.
 15957 | D:12     | Noticed Erolcha
 16039 | D:12     | Noticed a two-headed ogre
 16065 | D:12     | Killed a two-headed ogre
 16066 | D:12     | Reached XP level 12. HP: 105/105 MP: 3/23
 16380 | D:12     | Noticed Urug
 16478 | D:12     | Killed Urug
 16658 | D:12     | Noticed Nergalle
 16671 | D:12     | Killed Nergalle
 16678 | D:12     | Learned a level 4 spell: Iskenderun's Mystic Blast
 16763 | D:12     | Reached skill level 10 in Fighting
 17591 | D:11     | Found a staircase to the Orcish Mines.
 17635 | D:11     | Offered knowledge of Ignite Poison by Vehumet.
 17829 | D:11     | Reached skill level 5 in Shields
 18027 | D:12     | Reached skill level 5 in Maces & Flails
 18226 | D:12     | Noticed a two-headed ogre
 18234 | D:11     | Reached **** piety under Vehumet
 18316 | D:11     | Killed a two-headed ogre
 18808 | D:11     | Killed a death knight
 19404 | Lair:1   | Entered Level 1 of the Lair of Beasts
 19476 | D:10     | HP: 3/108 [poisoned by a black mamba]
 19477 | D:10     | HP: 1/108 [black mamba (7)]
 19477 | D:10     | Slain by a black mamba

Illustrated notes

Levels and vault maps discovered:
D:1:      nagdon_arrival_zigzag_paths, layout_basic
D:2:      layout_basic, ebering_ecumenical_altar_abandoned, serial_shops,
          nicolae_shop_bloodbath_and_beyond
D:3:      layout_loops_ring, okawaru_ov_weapons_minmay, serial_shops,
          nicolae_shop_window_shopping, serial_bayou_pond_d, uniq_grinder
D:4:      layout_gridville, uniq_ijyb
D:5:      wad_woods_stonehenge, layout_basic, minmay_temple_entry_hall,
          minmay_misc_feat_rugged, nicolae_shop_sticking_my_neck_out
D:6:      layout_cave_pools, minmay_overflow_temple_star_quad
D:7:      layout_basic, kennysheep_potato, uniq_joseph
D:8:      layout_basic, nicolae_grassy_gnolls
D:9:      layout_long_grid, overflow_temple_1_default, uniq_harold
D:10:     layout_rooms, minmay_ruffians, uniq_snorg
D:11:     cheibrodos_tormentor_scu, layout_loops_ring, erik_lair_island,
          hiddenorc1_lemuel, portal_ice_cave_entry_imps,
          hangedman_decor_slide_cut
D:12:     minmay_isolated_rectangles_in_corner, layout_irregular_city,
          uniq_erolcha, uniq_nergalle, uniq_urug
Temple:   sentei_temple_godly_chess
Lair:1:   beast_lair_carwin_large_2, layout_regular_city, basic_altar,
          gauntlet_entry_generic, serial_bayou_shore_a

Skill      XL: |  1  2  3  4  5  6  7  8  9 10 11 12 |
---------------+-------------------------------------+-----
Dodging        | 2 3 4 5 6 7 8 |  8.4
Stealth        | 2 3 |  3.0
Fighting       | 1 2 3 4 5 7 8 9 10 | 10.8
Conjurations   | 5 6 7 8 |  8.0
Spellcasting   | 3 4 6 7 9 |  9.1
Air Magic      | 3 7 9 10 | 10.0
Long Blades    | 3 4 |  4.1
Shields        | 4 6 |  6.0
Maces & Flails | 3 5 |  5.7

Action                     |  1- 3 |  4- 6 |  7- 9 | 10-12 || total
---------------------------+-------+-------+-------+-------++-------
  Melee: Dagger            |    50 |    23 |   113 |     7 ||   193
         Tailslap          |    12 |     6 |    20 |    43 ||    81
         Unarmed           |     3 |       |       |       ||     3
         Short sword       |     1 |       |       |       ||     1
         Hand axe          |       |       |     2 |       ||     2
         Scimitar          |       |       |     9 |   182 ||   191
         Dire flail        |       |       |     2 |       ||     2
         Long sword        |       |       |     2 |       ||     2
         Whip              |       |       |       |    32 ||    32
         Quick blade       |       |       |       |     8 ||     8
  Throw: Dart              |     6 |       |     1 |    15 ||    22
         Stone             |     2 |       |       |       ||     2
         Throwing net      |       |     1 |       |     4 ||     5
   Cast: Magic Dart        |    69 |    88 |   103 |    25 ||   285
         Searing Ray       |     5 |    17 |    33 |    21 ||    76
         Airstrike         |       |       |    49 |   120 ||   169
         Swiftness         |       |       |     4 |     2 ||     6
         Static Discharge  |       |       |       |    65 ||    65
         Fulminant Prism   |       |       |       |    66 ||    66
         Iskenderun's Myst |       |       |       |     2 ||     2
         Inner Flame       |       |       |       |     1 ||     1
Ability: Breathe Lightning |       |       |     2 |     5 ||     7
    Use: Scroll            |       |     4 |     7 |    10 ||    21
         Potion            |       |     1 |       |     2 ||     3
   Stab: Sleeping          |     2 |     1 |     4 |       ||     7
         Held in net/web   |       |       |       |     2 ||     2
 Armour: Skin              |    22 |    28 |    53 |   112 ||   215
  Dodge: Dodged            |    53 |    59 |   193 |   451 ||   756
         Repelled          |       |       |       |     7 ||     7
  Block: Buckler           |       |       |       |   102 ||   102
